 Dungeon Crawl Stone Soup version 0.29-a0-919-gd064cfad1c (webtiles) character file.

Game seed: 4370142560831480528

448 concernfroge the Trooper (level 6, 0/56 HPs)
             Began as a Mummy Monk on July 27, 2022.
             Slain by a wraith (10 damage)
             ... in an ossuary.
             The game lasted 00:20:15 (4373 turns).

concernfroge the Trooper (Mummy Monk)               Turns: 4373, Time: 00:20:16

Health: 0/56       AC: 10    Str: 17    XL:     6   Next: 73%
Magic:  6/6        EV:  7    Int:  6    God:
Gold:   1252       SH:  0    Dex: 14    Spells: 5/5 levels left

rFire   . . .      SeeInvis .   c - +5 spear "Myseonaf" {flame, rPois rC+ Will+ Int-3}
rCold   + + .      Faith    .   (no shield)
rNeg    + + +      Spirit   .   b - +0 chain mail
rPois   ∞          Reflect  .   l - +0 helmet
rElec   .          Harm     .   (no cloak)
rCorr   .          Rampage  .   (no gloves)
Will    +....                   f - +0 pair of boots
Stlth   ..........              (no amulet)
HPRegen 0.18/turn               m - ring of fire
MPRegen 0.10/turn               e - ring of protection from cold

@: about to teleport, slowed, very slow
A: cold resistance 1, negative energy resistance 3, torment resistance 2, heat
vulnerability 1, in touch with death 1, no potions
a: no special abilities


You were in an ossuary.
You visited 1 branch of the dungeon, and saw 6 of its levels.
You also visited: Ossuary.

You collected 1252 gold pieces.

Inventory:

Hand Weapons
 c - the +5 spear "Myseonaf" (weapon) {flame, rPois rC+ Will+ Int-3}
   (You found it on level 4 of the Dungeon)

   It burns those it strikes, dealing additional fire damage.
   Int:       It affects your intelligence (-3).
   rC:        It protects you from cold.
   rPois:     It protects you from poison.
   Will:      It increases your willpower.
Missiles
 h - 3 javelins (quivered)
Armour
 b - a +0 chain mail (worn)
 f - a +0 pair of boots (worn)
 l - a +0 helmet (worn)
Jewellery
 e - a ring of protection from cold (right hand)
 m - a ring of fire (left hand)
Wands
 a - a wand of roots (11)
Scrolls
 d - a scroll of noise
 i - 2 scrolls of enchant weapon


   Skills:
 + Level 7.7 Fighting
 - Level 2.4 Polearms
 - Level 2.4 Dodging
 - Level 1.5 Stealth


You had 5 spell levels left.
You didn't know any spells.
Your spell library contained the following spells:

 Spells                   Type           Power      Damage    Failure   Level
 Poisonous Vapours        Pois/Air       0%         N/A       100%        2
 Static Discharge         Conj/Air       0%         3-3/arc   100%        2
 Stone Arrow              Conj/Erth      0%         3d7       100%        3
 Animate Armour           Summ/Erth      0%         N/A       100%        4
 Corpse Rot               Necr/Pois/Air  0%         N/A       100%        4
 Lightning Bolt           Conj/Air       0%         1d11      100%        5
 Lehudib's Crystal Spear  Conj/Erth      0%         10d2      100%        8
 Maxwell's Capacitive Co  Air            0%         ∞         100%        8


Dungeon Overview and Level Annotations

Branches:
Dungeon (6/15)            Ossuary (1/1)
 Temple: D:4-7

Altars:
Fedhas
Trog
Wu Jian


Innate Abilities, Weirdness & Mutations

You are immune to poison.
Your flesh is cold resistant. (rC+)
You are immune to negative energy. (rN+++)
You are immune to unholy pain and torment.
You are vulnerable to heat. (rF-)
You are in touch with the powers of death.
You do not drink.


Message History

The wraith barely misses you.
You closely miss the wraith.
The wraith is heavily damaged.
The wraith hits you. The wraith drains your vigour!
You feel as though you will be slow longer.
The wraith hits you but does no damage.
You hit the wraith. You burn the wraith.
The wraith is heavily damaged.
The wraith hits you but does no damage.
You closely miss the wraith.
The wraith is heavily damaged.
The wraith hits you but does no damage. The wraith hits you!
You hit the wraith but do no damage.
The wraith is heavily damaged.
The wraith hits you but does no damage.
You hit the wraith but do no damage.
The wraith is heavily damaged.
The wraith hits you. The wraith drains your vigour!
You feel as though you will be slow longer.
The wraith hits you. The wraith drains your vigour!
You feel as though you will be slow longer.
You closely miss the wraith.
The wraith is heavily damaged.
The wraith hits you! The wraith drains your vigour!
You feel as though you will be slow longer.
You hit the wraith but do no damage.
The wraith is heavily damaged.
The wraith hits you. The wraith hits you!
* * * LOW HITPOINT WARNING * * *
The wraith drains your vigour!
You feel as though you will be slow longer.
Okay, then.
Aiming: Fastroot
Press: ? - help, Shift-Dir - straight line, p - wraith
Okay, then.
The wraith barely misses you.
As you read the scroll of teleportation, it crumbles to dust.
You feel strangely unstable. The wraith hits you but does no damage.
The wraith attacks as you move away! The wraith hits you!
You die...

#######################
#......................
#.∩....................
#.......#####+#####....
#......##.........##...
#.....##...#####...##..
#....##...##...##...##.
#....#...##..??.##...#.
#....'@W.'.!.?!?.#...+.
#....#...##.???.##...#.
#....##...##...##...##.
#.....##...#####...##..
#......##.........##...
#.......#####'#####....
#.∩....................
#......................
############'''########


You could see a wraith.

Vanquished Creatures
  A howler monkey (D:4)
  A hound (D:4)
  An iguana (D:6)
  Natasha (thrice) (D:3)
  3 orc wizards
  2 mummies
  A gnoll (D:5)
  6 adders
  2 dart slugs
  6 orcs
  11 ball pythons
  8 endoplasms
  A giant cockroach (D:2)
  8 goblins
  8 hobgoblins
  3 jackals (D:3)
  7 kobolds
  3 quokkas
  7 bats
  3 frilled lizards
  6 gnoll skeletons (Ossuary)
  7 kobold skeletons (Ossuary)
  11 orc skeletons (Ossuary)
  5 rats
114 creatures vanquished.

Vanquished Creatures (others)
  4 plants (D:4)
4 creatures vanquished.

Grand Total: 118 creatures vanquished

Notes
Turn   | Place    | Note
-------+----------+-------------------------------------------
     0 | D:1      | concernfroge the Mummy Monk began the quest for the Orb.
     0 | D:1      | Reached XP level 1. HP: 18/18 MP: 1/1
   135 | D:1      | Found a faded altar of an unknown god.
   202 | D:1      | Reached XP level 2. HP: 22/24 MP: 2/2
   568 | D:1      | Reached skill level 4 in Fighting
  1056 | D:2      | Gained mutation: You are in touch with the powers of death.
                  | [Mummy growth]
  1056 | D:2      | Reached XP level 3. HP: 30/30 MP: 3/3
  1996 | D:3      | Noticed Natasha
  2010 | D:3      | Killed Natasha
  2011 | D:3      | Reached skill level 5 in Fighting
  2011 | D:3      | Reached XP level 4. HP: 10/39 MP: 4/4
  2416 | D:3      | Noticed Natasha
  2432 | D:3      | Identified a scroll of acquirement
  2432 | D:3      | Acquired 1054 gold pieces
  2438 | D:3      | Killed Natasha
  2782 | D:3      | Noticed Natasha
  2790 | D:3      | Killed Natasha
  2791 | D:3      | Reached XP level 5. HP: 36/46 MP: 5/5
  3168 | D:4      | Reached skill level 6 in Fighting
  3475 | D:4      | Found a blossoming altar of Fedhas.
  3612 | D:4      | Reached XP level 6. HP: 52/53 MP: 6/6
  3679 | D:4      | Found a bloodstained altar of Trog.
  3692 | D:4      | Found an ornate altar of the Wu Jian Council.
  3718 | D:4      | Identified the +5 spear "Myseonaf" {flame, rPois rC+ Will+
                  | Int-3}
  3807 | D:5      | Entered Level 5 of the Dungeon
  3815 | D:5      | Reached skill level 7 in Fighting
  4117 | D:6      | Noticed a six-headed hydra
  4118 | D:6      | Noticed a cyclops
  4174 | D:5      | Found a sand-covered staircase.
  4183 | Ossuary  | Entered an ossuary
  4183 | Ossuary  | Noticed a wraith
  4183 | Ossuary  | Noticed a wraith
  4183 | Ossuary  | Noticed a wraith
  4246 | Ossuary  | Noticed a wraith
  4373 | Ossuary  | Slain by a wraith

Illustrated notes

Levels and vault maps discovered:
D:1:      eino_arrival_cavern_c, layout_loops_ring,
          chequers_ecumenical_altar_island, minmay_split_cup_large
D:2:      layout_basic
D:3:      layout_basic, kennysheep_generic_room_15, uniq_natasha
D:4:      layout_basic, nicolae_gozag_cash_rules_everything_around_me,
          mainiacjoe_overflow_chevrons, gammafunk_temple_overflow_forgotten,
          uniq_menkaure
D:5:      layout_basic, lemuel_tele_altar, gup_ossuary_entry_pyramid,
          st_stairs_11, uniq_pikel, uniq_sigmund, uniq_grinder
D:6:      kennysheep_big_flooded_room, layout_gridville,
          minmay_temple_entry_antechambers, serial_shops, nicolae_shop_crystal
Ossuary:  ossuary_due_mausoleum

Skill      XL: |  1  2  3  4  5  6 |
---------------+-------------------+-----
Fighting       | 4 5 6 7 |  7.7
Polearms       | |  2.4
Dodging        | |  2.4
Stealth        | |  1.5

Action                   |  1- 3 |  4- 6 || total
-------------------------+-------+-------++-------
Melee: Spear             |   177 |   245 ||   422
       Punch             |     1 |     2 ||     3
Throw: Dart              |       |     9 ||     9
       Javelin           |       |     1 ||     1
  Use: Scroll            |     4 |    11 ||    15
 Stab: Sleeping          |     2 |       ||     2
       Distracted        |     1 |       ||     1
Armor: Robe              |     6 |       ||     6
       Chain mail        |    16 |   145 ||   161
Dodge: Dodged            |    62 |    79 ||   141

Table legend: (Time is in decaauts)
 A = Elapsed time spent in this place.
 B = Non-inter-level travel time spent in this place.
 C = Inter-level travel time spent in this place.
 D = Time resting spent in this place.
 E = Time spent auto-exploring this place.
 F = Levels seen in this place.
 G = Mean time per level.
                   A        B        C        D        E       F      G
               +--------+--------+--------+--------+--------+-----+--------+
         Total |   4382 |   4212 |    170 |    863 |   2330 |   7 |  626.0 |
       Dungeon |   4187 |   4017 |    170 |    863 |   2313 |   6 |  697.8 |
       Ossuary |    195 |    195 |      0 |      0 |     17 |   1 |  195.0 |
               +--------+--------+--------+--------+--------+-----+--------+

Top non-repeatable levels by time:
     D:3: 1184 daAuts
     D:1: 1029 daAuts
     D:2: 900 daAuts
     D:4: 696 daAuts
     D:6: 299 daAuts
 Ossuary: 195 daAuts
     D:5: 76 daAuts
